Map: Tours du crépuscule

Players

Maantosa - Winner!

  • Race: Protoss Protoss
  • League: Gold
  • Spawn Location: 1:00

zidar

  • Race: Zerg Zerg
  • League: Silver
  • Spawn Location: 7:00

VOD

Have the link to the VOD?

Description

Time

  • Played on: Feb. 6, 2016, 2:34 p.m.
  • Length: 7:15
Show
View Real Time Build Order
Export as new Build Order

Maantosa Protoss - Winner!

Build Orders: Oracle Opening 

Get SALT Encoding   

  12  0:01  Probe (Chrono Boost)  
  13  0:12  Probe (Chrono Boost)  
  14  0:21  Pylon  
  14  0:24  Probe (Chrono Boost)  
  15  0:40  Gateway  
  15  0:42  Probe (Chrono Boost)  
  16  0:49  Assimilator  
  16  0:52  Probe (Chrono Boost)  
  17  1:03  Probe (Chrono Boost)  
  18  1:14  Probe (Chrono Boost)  
  19  1:24  Probe (Chrono Boost)  
  20  1:28  Zealot  
  22  1:35  Cybernetics Core  
  22  1:53  Nexus  
  22  2:09  Probe (Chrono Boost)  
  22  2:12  Assimilator  
  23  2:24  Pylon  
  23  2:29  Pylon  
  23  2:31  Warp Gate  
  23  2:42  Probe (Chrono Boost)  
  24  2:53  Probe (Chrono Boost)  
  25  3:03  Probe (Chrono Boost)  
  25  3:04  Stargate  
  26  3:14  Mothership Core (Chrono Boost), Adept  
  26  3:17  Probe (Chrono Boost)  
  31  3:27  Probe (Chrono Boost)  
  31  3:32  Gateway, Probe (Chrono Boost)  
  31  3:34  Gateway  
  33  3:37  Pylon  
  33  3:54  Probe x2 (Chrono Boost)  
  35  3:57  Oracle  
  38  4:05  Probe x2 (Chrono Boost)  
  38  4:08  Gateway  
  40  4:10  Gateway  
  40  4:15  Gateway  
  40  4:22  Gateway  
  40  4:28  Pylon  
  40  4:46  Adept x3  
  40  4:49  Oracle (Chrono Boost)  
  49  5:07  Adept x3  
  49  5:08  Adept  
  57  5:19  Adept  
  57  5:20  Adept  
  61  5:35  Adept  
  61  5:36  Adept x3  
  61  6:04  Adept  
  61  6:05  Adept x3  
  69  6:13  Pylon x2  
  69  6:15  Pylon  
  62  6:55  Stalker x7  
Show
View Real Time Build Order
Export as new Build Order

zidar Zerg 

Build Orders: Pool First 

Get SALT Encoding   

  12  0:01  Drone  
  13  0:12  Overlord  
  13  0:17  Drone  
  14  0:30  Drone x2  
  14  0:34  Drone  
  17  0:48  Spawning Pool  
  16  0:50  Drone  
  17  1:18  Hatchery  
  17  1:24  Extractor, Drone  
  17  1:25  Drone  
  17  1:33  Drone  
  17  1:36  Queen  
  20  1:50  Drone  
  20  1:52  Overlord  
  21  2:26  Queen  
  23  2:32  Hatchery  
  23  2:33  Metabolic Boost  
  22  2:40  Drone x2  
  24  2:56  Roach Warren  
  24  2:58  Drone  
  24  2:59  Drone  
  24  3:03  Drone  
  30  3:20  Drone x5  
  31  3:27  Lair  
  31  3:31  Extractor  
  30  3:45  Roach x4  
  38  3:51  Queen  
  40  3:56  Overlord  
  39  4:25  Roach x3  
  45  4:37  Hydralisk Den  
  44  4:42  Evolution Chamber  
  43  4:50  Overlord  
  43  4:51  Overlord x2  
  43  5:11  Lurker Den  
  43  5:17  Drone x2  
  43  5:18  Drone x5  
  43  5:19  Evolution Chamber  
  43  5:21  Zerg Missile Weapons Level 1  
  49  5:27  Hydralisk  
  51  5:31  Drone x3  
  54  5:38  Extractor  
  51  5:44  Extractor  
  51  5:48  Roach  
  51  5:49  Roach x3  
  50  5:50  Roach  
  50  5:53  Roach  
  46  6:02  Spore Crawler  
  39  6:09  Roach x3  
  41  6:31  Roach x4  
  37  6:52  Roach x3  
Tags
 
Add a new tag
Caveats
  • Supply blocks, unpowered buildings, or Contaminate may cause inaccurate times.
  • Supply counts are checked every 10 seconds.